 Dungeon Crawl Stone Soup version 0.28-a0-938-gbc3f381ebc (webtiles) character file.

Game seed: 12096330700414819461

47 ytrimaz the Grave Robber (level 3, -3/24 HPs)
             Began as a Demonspawn Necromancer on Nov 28, 2021.
             Slain by Sigmund (11 damage)
             ... on level 2 of the Dungeon.
             The game lasted 00:03:46 (2484 turns).

ytrimaz the Grave Robber (Demonspawn Necromancer)   Turns: 2484, Time: 00:03:47

Health: -3/24      AC:  6    Str:  6 (8)  XL:     3   Next: 48%
Magic:  2/7        EV: 12    Int: 15 (17) God:
Gold:   72         SH:  0    Dex: 11 (13) Spells: 3/7 levels left

rFire   . . .      SeeInvis .   h - staff of poison
rCold   . . .      Faith    .   (no shield)
rNeg    . . .      Spirit   .   a - +0 robe
rPois   +          Reflect  .   (no helmet)
rElec   .          Harm     .   (no cloak)
rCorr   .          Rampage  .   (no gloves)
Will    .....                   (no boots)
Stlth   ++........              b - amulet of magic regeneration
HPRegen 0.08/turn               f - +4 ring of protection
MPRegen 0.50/turn               (no ring)

@: attractive, hasted, very quick
A: ignite blood 1, powered by pain 1
a: no special abilities


You were on level 2 of the Dungeon.
You visited 1 branch of the dungeon, and saw 2 of its levels.

You collected 72 gold pieces.

Inventory:

Armour
 a - a +0 robe (worn)
Magical Staves
 h - a staff of poison (weapon)
Jewellery
 b - an amulet of magic regeneration (around neck)
 f - a +4 ring of protection (left hand)
Scrolls
 d - a scroll of immolation {unknown}
 i - a scroll of fear {unknown}


   Skills:
 * Level 0.2 Staves
 - Level 1.7 Dodging
 - Level 1.7 Stealth
 + Level 2.7 Spellcasting
 + Level 5.3 Necromancy


You had 3 spell levels left.
You knew the following spells:

 Your Spells              Type           Power      Damage    Failure   Level
a - Pain                  Necr           68%        1d7       2%          1
b - Vampiric Draining     Necr           17%        2d7       7%          3

Your spell library contained the following spells:

 Spells                   Type           Power      Damage    Failure   Level
 Animate Skeleton         Necr           34%        N/A       2%          1
 Sublimation of Blood     Necr           17%        N/A       3%          2
 Wereblood                Tmut           2%         N/A       30%         2
 Animate Dead             Necr           8%         N/A       24%         4
 Agony                    Necr           17%        N/A       54%         5
 Summon Hydra             Summ           1%         N/A       100%        7


Dungeon Overview and Level Annotations

Branches:
Dungeon (2/15)

Altars:

Annotations:
D:2 Sigmund


Innate Abilities, Weirdness & Mutations

Your demonic aura sometimes causes spilled blood to erupt in flames.
You sometimes gain a little power by taking damage.


Message History

Ouch! That really hurt!
* * * LOW HITPOINT WARNING * * *
You focus on the pain.
You feel your power returning.
Unknown command.
Casting: Vampiric Draining (quite dangerous; 7% risk of failure)
Confirm with . or Enter, or press ? or * to list all spells.
You can't see any susceptible monsters within range! (Use Z to cast anyway.) Unknown command.
Casting: Vampiric Draining (quite dangerous; 7% risk of failure)
Confirm with . or Enter, or press ? or * to list all spells.
You don't know that spell.
Casting: Vampiric Draining (quite dangerous; 7% risk of failure)
Confirm with . or Enter, or press ? or * to list all spells.
You can't see any susceptible monsters within range! (Use Z to cast anyway.)
There is a strange disturbance nearby!
Unknown command.
Casting: Vampiric Draining (quite dangerous; 7% risk of failure)
Confirm with . or Enter, or press ? or * to list all spells.
You don't know that spell.
Casting: Vampiric Draining (quite dangerous; 7% risk of failure)
Confirm with . or Enter, or press ? or * to list all spells.
You don't know that spell.
Casting: Vampiric Draining (quite dangerous; 7% risk of failure)
Confirm with . or Enter, or press ? or * to list all spells.
The spell is quite dangerous to cast (7% risk of failure)!
Continue anyway?
Aiming: Vampiric Draining (quite dangerous; 7% risk of failure)
Press: ? - help, Shift-Dir - straight line You draw life force from something.
You feel life coursing into your body. Something barely misses you.
Unknown command.
Casting: Vampiric Draining (quite dangerous; 7% risk of failure)
Confirm with . or Enter, or press ? or * to list all spells.
The spell is quite dangerous to cast (7% risk of failure)!
Continue anyway?
Aiming: Vampiric Draining (quite dangerous; 7% risk of failure)
Press: ? - help, Shift-Dir - straight line You draw life force from something.
You feel life coursing into your body.
Unknown command.
Unknown command.
You hit something. Something hits you!
You die...

#.# #.##.# #.###.
#.#########.##.# #)##..
#...........##.## #.##(.
##....#######...# #.##..
#....# #...# #.##..
#....#######...# #.....
#....##.......## #..###
#....##.{°°...# #..##.
#....##.@.....# #..##.
##...........†######..##.
#....................##.
#............#######.##.
######.......# #.###
#.......# #.### #.......#
##....
#.......######.....
#..................


There were no monsters in sight!

Vanquished Creatures
  A worm (D:2)
  2 dart slugs
  2 ball pythons (D:1)
  4 endoplasms (D:2)
  2 giant cockroaches
  3 goblins
  4 hobgoblins
  5 jackals
  A quokka (D:1)
  5 bats
  2 frilled lizards (D:2)
  2 kobolds (D:1)
  4 rats
37 creatures vanquished.

Notes
Turn   | Place    | Note
-------+----------+-------------------------------------------
     0 | D:1      | ytrimaz the Demonspawn Necromancer began the quest for the
                  | Orb.
     0 | D:1      | Reached XP level 1. HP: 13/13 MP: 3/3
   612 | D:1      | Gained mutation: You sometimes gain a little power by
                  | taking damage. [demonic ancestry]
   612 | D:1      | Reached XP level 2. HP: 16/19 MP: 1/5
  1121 | D:1      | Reached skill level 5 in Necromancy
  1874 | D:2      | Gained mutation: Your demonic aura sometimes causes spilled
                  | blood to erupt in flames. [demonic ancestry]
  1874 | D:2      | Reached XP level 3. HP: 19/24 MP: 3/6
  1879 | D:2      | Learned a level 3 spell: Vampiric Draining
  2129 | D:2      | Noticed Sigmund
  2484 | D:2      | Slain by Sigmund

Illustrated notes

Levels and vault maps discovered:
D:1:      scummos_arrival_gate, layout_basic, chequers_serial_rivers_micro_a
D:2:      layout_basic, shapermc_ecumenical_altar_flowoftime,
          hangedman_decor_push, uniq_sigmund

Skill      XL: |  1  2 |
---------------+-------+-----
Necromancy     | 5 |  5.3
Staves         | |  0.2
Dodging        | |  1.7
Stealth        | |  1.7
Spellcasting   | |  2.7

Action                   || total
-------------------------++-------
Melee: Unarmed           ||     7
       Staff             ||     4
 Cast: Pain              ||    82
       Vampiric Draining ||     4
  Use: Potion            ||     3
       Scroll            ||     1
Armor: Robe              ||    10
Dodge: Dodged            ||    24

Table legend: (Time is in decaauts)
 A = Elapsed time spent in this place.
 B = Non-inter-level travel time spent in this place.
 C = Inter-level travel time spent in this place.
 D = Time resting spent in this place.
 E = Time spent auto-exploring this place.
 F = Levels seen in this place.
 G = Mean time per level.
                   A        B        C        D        E       F      G
               +--------+--------+--------+--------+--------+-----+--------+
         Total |   2482 |   2464 |     18 |    194 |   1971 |   2 | 1241.0 |
       Dungeon |   2482 |   2464 |     18 |    194 |   1971 |   2 | 1241.0 |
               +--------+--------+--------+--------+--------+-----+--------+

Top non-repeatable levels by time:
     D:1: 1745 daAuts
     D:2: 737 daAuts
